 Dungeon Crawl Stone Soup version 0.26-a0-652-gafc20e3620 (console) character file.

Game seed: 5984294806479997595

25044 om the Cleaver (level 12, -4/101 HPs)
             Began as a Red Draconian Berserker on Oct 1, 2020.
             Was a High Priest of Trog.
             Slain by a swamp worm (21 damage)
             ... on level 4 of the Lair of Beasts.
             The game lasted 00:40:44 (16548 turns).

om the Cleaver (Red Draconian Berserker)           Turns: 16548, Time: 00:40:44

Health: -4/101     AC: 13    Str: 19    XL:     12   Next: 86%
Magic:  12/12      EV: 19    Int:  9    God:    Trog [*****.]
Gold:   861        SH:  5    Dex: 11    Spells: 11/11 levels left

rFire    + . .     SeeInvis .   B - +2 broad axe (flame)
rCold    . . .     Faith    .   h - +0 buckler
rNeg     . . .     Spirit   .   (armour unavailable)
rPois    .         Reflect  .   (helmet restricted)
rElec    .         Harm     .   p - +2 cloak
rCorr    .         Rampage  .   (no gloves)
MR       .....                  d - +1 pair of boots
Stlth    +.........             j - amulet of the acrobat
HPRegen  0.26/turn              l - -4 ring of strength (curse)
MPRegen  0.13/turn              (no ring)

@: short of breath
A: breathe fire, unfitting armour, fire resistance 1, cold-blooded, AC +8
a: Breathe Fire, Berserk, Trog's Hand, Brothers in Arms, Renounce Religion


You were on level 4 of the Lair of Beasts.
You worshipped Trog.
Trog was extremely pleased with you.
You visited 2 branches of the dungeon, and saw 14 of its levels.

You collected 861 gold pieces.

Inventory:

Hand Weapons
 s - a +2 war axe of freezing
 B - a +2 broad axe of flaming (weapon)
Armour
 d - a +1 pair of boots (worn)
 h - a +0 buckler (worn)
 p - a +2 cloak (worn)
Jewellery
 j - an amulet of the acrobat (around neck)
 l - a cursed -4 ring of strength (left hand)
Wands
 u - a wand of iceblast (19)
 D - a wand of enslavement (11)
 E - a wand of paralysis (5)
 F - a wand of acid (17)
 I - a wand of polymorph (19)
Scrolls
 b - 12 scrolls of remove curse
 e - 3 scrolls of immolation
 f - 4 scrolls of enchant armour
 i - 6 scrolls of teleportation
 n - a scroll of amnesia {unknown}
 o - 5 scrolls of enchant weapon
 r - 3 scrolls of magic mapping
 y - 2 scrolls of fog {unknown}
 C - a scroll of fear
 H - a scroll of vulnerability {unknown}
Potions
 a - 4 potions of brilliance
 g - 2 potions of lignification
 k - a potion of ambrosia
 m - 3 potions of curing
 q - 2 potions of cancellation
 w - 4 potions of flight
 x - a potion of berserk rage {unknown}
 z - a potion of stabbing {unknown}
 A - 3 potions of mutation
 J - a potion of magic {unknown}


   Skills:
 - Level 8.0 Fighting
 - Level 14.0 Axes
 + Level 13.3 Dodging
 - Level 5.0 Shields


You had 11 spell levels left.
You didn't know any spells.
Your spell library was empty.

Dungeon Overview and Level Annotations

Branches:
Dungeon (10/15)            Temple (0/1) D:4            Lair (4/6) D:10
  Snake (0/4) Lair:3
  Swamp: Lair:2-4    Shoals: Lair:2-4       Orc: D:9-12

Altars:
Cheibriados
Makhleb
Xom

Shops:
D:5 [   D:7 !   D:9 (

Annotations:
Lair:3 1 runed translucent door, Xiemaice's ghost, journeyman DrFE


Innate Abilities, Weirdness & Mutations

You can breathe blasts of fire.
Your fiery red scales are hard. (AC +8)
You cannot fit into any form of body armour.
Your flesh is heat resistant. (rF+)
You are cold-blooded and may be slowed by cold attacks.


Message History

You slash the swamp worm! You burn the swamp worm.
The swamp worm is moderately wounded.
The swamp worm completely misses you. The swamp worm completely misses you.
You closely miss the swamp worm.
The swamp worm is moderately wounded.
You hit the swamp worm. You burn the swamp worm.
The swamp worm closely misses you. The swamp worm bites you!
You are too injured to fight recklessly!
You are too injured to fight recklessly!
You miss the swamp worm.
You tail-slap the swamp worm, but do no damage.
The swamp worm is lightly wounded.
You hit the swamp worm. You burn the swamp worm. The swamp worm bites you!!
* * * LOW HITPOINT WARNING * * *
The swamp worm bites you!
* * * LOW HITPOINT WARNING * * *
You bump into the rock wall.
You feel less invigorated.
You feel less confused. The swamp worm bites you!!
You die...

#### ### ##########. #######
...###.###..##.....#####.....####
.................................
...####P###...#...#..#(..........
...# #####..###..#.##........#..
...#######...##.....##.......#...
...##...P#...#.>.†...........#...
....##..###..#......##.......#...
...+.....##....w...).............
....##..###....w@............##..
....##### #..#.###...#........#..
...##.#####...#†##...........#..#
....#...P##....w...........^.....
.................................
.................................
................................♣
...##...##P............†........♣
...####..#P...#..####.#.#.......♣
...###...#....##########.w...#.+♣
..##....+.+...####.P.####...###♣


You could see 2 swamp worms.

Vanquished Creatures
  2 hydras
  2 two-headed ogres
  9 elephants
  4 black mambas
  5 cane toads
  A centaur skeleton (D:10)
  Maggie (D:7)
  6 komodo dragons
  A troll (D:10)
  2 hippogriffs
  7 dream sheep (Lair:4)
  Sigmund (D:6)
  A wyvern (D:10)
  15 yaks
  Grum (D:9)
  2 basilisks
  3 nagas (Lair:3)
  A swamp worm (Lair:4)
  9 water moccasins
  Duvessa (D:7)
  8 porcupines
  An orc warrior (D:6)
  2 ice beasts
  A phantom (D:10)
  3 sky beasts
  5 ogres
  3 centaurs
  10 wolves
  14 crocodiles
  A big kobold (D:7)
  7 bullfrogs
  Dowan (D:7)
  A water moccasin skeleton (D:9)
  2 scorpions
  46 killer bees (Lair:3)
  4 wights (D:9)
  2 howler monkeys (D:9)
  2 bullfrog zombies
  2 centaur zombies
  5 hounds
  A bullfrog skeleton (D:5)
  6 orc priests
  8 orc wizards
  An iguana (D:8)
  7 worker ants
  11 adders
  5 shadow imps
  4 white imps
  9 ufetubi
  2 oozes (D:4)
  An adder zombie (D:5)
  An adder skeleton (D:4)
  4 worms
  2 dart slugs
  7 leopard geckos
  40 orcs
  4 giant cockroaches
  9 goblins
  10 hobgoblins
  14 jackals
  4 quokkas
  2 ball pythons (D:3)
  8 bats
  5 frilled lizards
  A giant cockroach zombie (D:5)
  14 kobolds
  A leopard gecko zombie (D:5)
  4 rats
379 creatures vanquished.

Vanquished Creatures (others)
  21 fungi
  23 plants
44 creatures vanquished.

Grand Total: 423 creatures vanquished

Notes
Turn   | Place    | Note
-------+----------+-------------------------------------------
     0 | D:1      | om the Draconian Berserker began the quest for the Orb.
     0 | D:1      | Reached XP level 1. HP: 19/19 MP: 1/1
   289 | D:1      | Reached XP level 2. HP: 25/26 MP: 2/2
   927 | D:2      | Reached ** piety under Trog
   932 | D:2      | Reached XP level 3. HP: 31/31 MP: 3/3
  1485 | D:2      | Found a burning altar of Makhleb.
  1492 | D:2      | Reached skill level 4 in Axes
  1492 | D:2      | Reached XP level 4. HP: 31/40 MP: 4/4
  2063 | D:3      | Reached skill level 1 in Shields
  2188 | D:3      | Reached XP level 5. HP: 43/46 MP: 5/5
  2692 | D:4      | Found a staircase to the Ecumenical Temple.
  2753 | D:4      | Reached *** piety under Trog
  2764 | D:4      | Reached skill level 5 in Axes
  2911 | D:4      | Reached XP level 6. HP: 47/52 MP: 6/6
  3114 | D:4      | Found a snail-covered altar of Cheibriados.
  3598 | D:5      | Entered Level 5 of the Dungeon
  3660 | D:5      | Noticed a sky beast
  3676 | D:5      | Killed a sky beast
  3676 | D:5      | Reached skill level 6 in Axes
  3676 | D:5      | Your scales start taking on a fiery red colour.
  3676 | D:5      | Reached XP level 7. HP: 59/59 MP: 7/7
  3676 | D:5      | Gained mutation: Your flesh is heat resistant. (rF+) [Red
                  | Draconian growth]
  3923 | D:5      | Reached **** piety under Trog
  4133 | D:5      | Found Lakaisuz's Antique Armour Emporium.
  4525 | D:6      | Reached skill level 5 in Dodging
  4819 | D:6      | Noticed Sigmund
  4826 | D:6      | Killed Sigmund
  4826 | D:6      | Reached skill level 5 in Shields
  4826 | D:6      | Reached XP level 8. HP: 66/66 MP: 8/8
  5300 | D:6      | Found a shimmering altar of Xom.
  5300 | D:6      | Found a shimmering altar of Xom.
  5301 | D:6      | Found a shimmering altar of Xom.
  5301 | D:6      | Found a shimmering altar of Xom.
  5303 | D:6      | Found a shimmering altar of Xom.
  5305 | D:6      | Found a shimmering altar of Xom.
  5850 | D:7      | Noticed Dowan
  5851 | D:7      | Noticed Duvessa
  5859 | D:7      | Killed Duvessa
  5861 | D:7      | Killed Dowan
  6172 | D:7      | Noticed Maggie
  6183 | D:7      | Killed Maggie
  6302 | D:7      | Reached XP level 9. HP: 71/71 MP: 9/9
  6334 | D:7      | Reached ***** piety under Trog
  6504 | D:7      | Found Puifumiw's Distillery.
  7199 | D:8      | Noticed a two-headed ogre
  7208 | D:8      | Killed a two-headed ogre
  7208 | D:8      | Reached skill level 10 in Dodging
  7560 | D:8      | Reached skill level 7 in Axes
  7619 | D:9      | Reached skill level 5 in Fighting
  7770 | D:9      | Noticed Grum
  7790 | D:9      | Killed Grum
  7790 | D:9      | Reached skill level 8 in Axes
  7790 | D:9      | Reached XP level 10. HP: 18/83 MP: 10/10
  8506 | D:9      | Found Tofuylymu's Weapon Boutique.
  8838 | D:10     | Entered Level 10 of the Dungeon
  8847 | D:10     | Found a staircase to the Lair.
  8874 | D:10     | Reached skill level 9 in Axes
  8890 | D:10     | Reached skill level 10 in Axes
  9199 | D:10     | Reached skill level 11 in Axes
  9237 | D:10     | Noticed a two-headed ogre
  9301 | D:10     | Killed a two-headed ogre
  9679 | D:10     | Reached XP level 11. HP: 72/89 MP: 11/11
  9970 | Lair:1   | Entered Level 1 of the Lair of Beasts
  9982 | Lair:1   | Reached skill level 12 in Axes
 11816 | Lair:1   | Received a gift from Trog
 12752 | Lair:2   | Reached skill level 13 in Axes
 13300 | Lair:2   | Reached XP level 12. HP: 97/101 MP: 12/12
 13641 | Lair:3   | Noticed a four-headed hydra
 14021 | Lair:2   | Killed a one-headed hydra
 14505 | Lair:3   | Found a staircase to the Snake Pit.
 15465 | Lair:3   | Reached skill level 14 in Axes
 15780 | Lair:3   | Found a runed translucent door.
 15781 | Lair:3   | Noticed Xiemaice's ghost (journeyman DrFE)
 15928 | Lair:4   | Noticed a seven-headed hydra
 15953 | Lair:4   | Killed a four-headed hydra
 15954 | Lair:4   | Received a gift from Trog
 16548 | Lair:4   | Slain by a swamp worm

Illustrated notes

Levels and vault maps discovered:
D:1:      nzn_arrival_settlement, layout_basic
D:2:      layout_rooms, makhleb_heckhound_becter
D:3:      layout_rooms, grunt_decor_resistance
D:4:      layout_gridville, lemuel_crystal_altar, minmay_temple_entry_slanted
D:5:      layout_cave_pods, serial_shops, shop
D:6:      layout_basic, xom_redecorated, uniq_sigmund
D:7:      layout_basic, serial_shops,
          nicolae_shop_temple_entry_statues_fountains, uniq_maggie, uniq_duvessa
D:8:      layout_gridville
D:9:      layout_basic, serial_shops, shop, uniq_grum
D:10:     layout_loops_ring, david_lair_shrubbed
Lair:1:   layout_chaotic_city, serial_bayou_pond_a, beast_lair_carwin_6,
          infiniplex_staircase_pool, grunt_megastairs_3
Lair:2:   layout_misc_corridors, beast_lair_carwin_10
Lair:3:   wad_woods_minihive, layout_cave_pods,
          minmay_snake_entry_guardpost_small, gammafunk_ghost_grave
Lair:4:   layout_regular_city, nicolae_swamp_entry_splash_gauntlet

Skill      XL: |  1  2  3  4  5  6  7  8  9 10 11 12 |
---------------+-------------------------------------+-----
Dodging        | 3 4 5 8 10 11 13 | 13.3
Axes           | 4 5 6 8 11 13 14 | 14.0
Fighting       | 4 5 6 8 |  8.0
Shields        | 1 2 3 5 |  5.0

Action                   |  1- 3 |  4- 6 |  7- 9 | 10-12 || total
-------------------------+-------+-------+-------+-------++-------
Melee: Hand axe          |    90 |   118 |       |       ||   208
       Tailslap          |    14 |    15 |    36 |    42 ||   107
       War axe           |       |    69 |   134 |       ||   203
       Broad axe         |       |       |   170 |   515 ||   685
Invok: Berserk           |     1 |     6 |     9 |    13 ||    29
 Abil: Breathe Fire      |       |       |       |    27 ||    27
  Use: Scroll            |       |     7 |     4 |    11 ||    22
       Potion            |       |       |     1 |     3 ||     4
 Stab: Sleeping          |       |     1 |       |       ||     1
Armor: Skin              |    27 |    63 |    80 |   170 ||   340
Dodge: Dodged            |    60 |   131 |   247 |   530 ||   968
Block: Buckler           |     3 |    28 |    70 |   118 ||   219

Table legend: (Time is in decaauts)
 A = Elapsed time spent in this place.
 B = Non-inter-level travel time spent in this place.
 C = Inter-level travel time spent in this place.
 D = Time resting spent in this place.
 E = Time spent auto-exploring this place.
 F = Levels seen in this place.
 G = Mean time per level.
                   A        B        C        D        E       F      G
               +--------+--------+--------+--------+--------+-----+--------+
         Total |  16889 |  16462 |    427 |   4910 |   9100 |  14 | 1206.4 |
       Dungeon |  10531 |  10241 |    290 |   2027 |   6557 |  10 | 1053.1 |
          Lair |   6357 |   6220 |    137 |   2882 |   2543 |   4 | 1589.2 |
               +--------+--------+--------+--------+--------+-----+--------+

Top non-repeatable levels by time:
  Lair:2: 2016 daAuts
  Lair:1: 1950 daAuts
  Lair:3: 1742 daAuts
    D:10: 1440 daAuts
     D:6: 1379 daAuts
     D:9: 1289 daAuts
     D:7: 1039 daAuts
     D:2: 960 daAuts
     D:4: 933 daAuts
     D:5: 932 daAuts
     D:1: 927 daAuts
     D:3: 858 daAuts
     D:8: 771 daAuts
  Lair:4: 647 daAuts
